 Dungeon Crawl Stone Soup version 0.18.1-8-gdd0e5ea (console) character file.

106 Doll the Sneak (level 4, 0/21 HPs)
             Began as a Spriggan Enchanter on June 2, 2016.
             Slain by an adder (2 damage)
             ... on level 2 of the Dungeon.
             The game lasted 00:07:31 (1161 turns).

Doll the Sneak (Spriggan Enchanter)                 Turns: 1161, Time: 00:07:31

Health: 0/21       AC:  4    Str:  4    XL:     4   Next: 55%
Magic:  6/10       EV: 18    Int: 16    God:
Gold:   54         SH:  0    Dex: 17    Spells: 2 memorised, 7 levels left

rFire  . . .     SeeInvis +     h - +2 short sword (speed)
rCold  . . .     Gourm    .     b - +2 robe
rNeg   . . .     Faith    .     (shield restricted)
rPois  .         Spirit   .     (helmet restricted)
rElec  .         Dismiss  .     (no cloak)
rCorr  .         Reflect  .     (gloves unavailable)
SustAt .         Harm     .     (boots unavailable)
MR     .....                    (no amulet)
Stlth  ++++......               (no ring)
                                (no ring)

@: very quick, not resistant to hostile enchantments, stealthy
A: unfitting armour, see invisible, herbivore 3, speed 3, slow metabolism 2
a: no special abilities


You were on level 2 of the Dungeon.
You were not hungry.

You visited 1 branch of the dungeon, and saw 2 of its levels.

You collected 54 gold pieces.

Inventory:

Hand Weapons
 h - a +2 short sword of speed (weapon)
 i - a +2 dagger of venom
Armour
 b - a +2 robe (worn)
Scrolls
 a - a scroll of teleportation
Potions
 f - a potion of curing
 g - a potion of brilliance {unknown}
 j - a potion of heal wounds {unknown}
 k - 2 potions of invisibility
Books
 c - a book of Maledictions

   Spells                             Type                      Level
   a - Corona                         Hexes                        1
   b - Ensorcelled Hibernation        Hexes/Ice                    2
   c - Confuse                        Hexes                        3
   d - Tukima's Dance                 Hexes                        3
   e - Dazzling Spray                 Conjuration/Hexes            3
Comestibles
 d - 2 bread rations
 l - a slice of pizza


   Skills:
 + Level 2.5 Short Blades
 - Level 3.0 Dodging
 + Level 6.0 Stealth
 + Level 3.6 Spellcasting
 + Level 4.3 Hexes


You had 7 spell levels left.
You knew the following spells:

 Your Spells              Type           Power        Failure   Level  Hunger
a - Corona                Hex            ###....      3%          1    None
b - Ensorcelled Hibernat  Hex/Ice        #.....       12%         2    ##.....


Dungeon Overview and Level Annotations

Branches:
Dungeon (2/15)

Altars:
Zin

Shops:
D:2 *


Innate Abilities, Weirdness & Mutations

You are tiny and cannot use many weapons and most armour.
You have supernaturally acute eyesight.
You are a herbivore.
You cover ground extremely quickly.
You need consume almost no food.


Message History

You hit the adder.
The adder is almost dead.
The adder bites you.
You closely miss the adder.
The adder is almost dead.
The adder bites you.
* * * LOW HITPOINT WARNING * * *
You closely miss the adder.
The adder is almost dead.
The adder bites you.
* * * LOW HITPOINT WARNING * * *
Drink which item? (? for menu, Esc to quit)
Okay, then.
You miss the adder.
The adder is almost dead.
The adder barely misses you.
You hit the adder.
The adder is almost dead.
The adder bites you.
You die...

#.. #..#
#.################ #.#
#..# #.# #.# #.##..# #.#
..# #.##..# #.# #.####
#.##..# #.# #....#
#.##..# #.## #)##.#
#.##..# #?. #.##.#
#.##..# #.#
#.##.###.##..###.###
#.#...##.##........#
#...#....##.###.@#.#
#.#...#.....# #.S# #
#(#..##.##### #..#
#...>.... #..).........#
###.###................#
#. ..###.####..$....# #.
>## # #.......# #.
........# .......g#
#.......#


You could see an adder.

Vanquished Creatures
  Jessica (D:1)
  Natasha (D:2)
  Terence (D:1)
  A gnoll (D:1)
  5 goblins
  6 hobgoblins
  2 kobolds (D:1)
  2 bats
  4 giant newts (D:1)
  4 rats (D:1)
27 creatures vanquished.

Notes
Turn   | Place    | Note
--------------------------------------------------------------
     0 | D:1      | Doll the Spriggan Enchanter began the quest for the Orb.
     0 | D:1      | Reached XP level 1. HP: 9/9 MP: 5/5
   184 | D:1      | Reached XP level 2. HP: 13/13 MP: 6/6
   188 | D:1      | Learned a level 2 spell: Ensorcelled Hibernation
   413 | D:1      | Reached skill level 5 in Stealth
   626 | D:2      | Noticed Jessica
   629 | D:2      | Noticed Terence
   640 | D:1      | Killed Jessica
   640 | D:1      | Reached XP level 3. HP: 7/16 MP: 0/8
   792 | D:1      | Killed Terence
   792 | D:1      | Reached XP level 4. HP: 9/21 MP: 0/10
   963 | D:2      | Found Zin's Purification Station.
   967 | D:2      | Found a glowing silver altar of Zin.
  1128 | D:2      | Noticed Natasha
  1143 | D:2      | Killed Natasha
  1143 | D:2      | Reached skill level 6 in Stealth
  1161 | D:2      | Slain by an adder

Skill      XL: |  1  2  3  4 |
---------------+-------------+-----
Spellcasting   | 3 |  3.6
Stealth        | 5 6 |  6.0
Short Blades   | 2 |  2.5
Hexes          | 4 |  4.3
Dodging        | |  3.0

Action                   |  1- 3 |  4- 6 || total
-------------------------+-------+-------++-------
Melee: Dagger            |    38 |     1 ||    39
       Short sword       |       |    29 ||    29
 Cast: Ensorcelled Hiber |    10 |     3 ||    13
  Use: Scroll            |     4 |     4 ||     8
 Stab: Sleeping          |    11 |     2 ||    13
       Distracted        |     2 |       ||     2
Armor: Robe              |     2 |     2 ||     4
Dodge: Dodged            |    28 |    11 ||    39
